 Dungeon Crawl Stone Soup version 0.30.1 (webtiles) character file.

Game seed: 13467189093059795709

2225125 coffeetime the Impregnable (level 27, 276/276 HPs)
             Began as an Armataur Warper on July 4, 2023.
             Was the Champion of Okawaru.
             Escaped with the Orb
             ... and 4 runes on July 13, 2023!
             The game lasted 08:57:11 (75623 turns).

coffeetime the Impregnable (Armataur Warper)       Turns: 75623, Time: 08:57:11

Health: 276/276    AC: 58    Str: 28    XL:     27
Magic:  23/23      EV:  5    Int: 12    God:    Okawaru [******]
Gold:   4579       SH: 33    Dex: 14    Spells: 11/29 levels left

rFire   + + +        a - +9 broad axe (vamp)
rCold   . . .        Y - +10 tower shield of Ignorance {rN+ Int-4}
rNeg    + + .        m - +9 scales of the Dragon King {rPois rF+ rC+ Will+}
rPois   +            (helmet restricted)
rElec   +            O - +2 cloak {Will+}
rCorr   +            C - +2 pair of gloves {Str+3}
SInv    +            Q - +10 Black Knight's barding {ponderous, rPois rN+}
Will    ++++.        n - amulet of faith Stlth
                     R - +4 ring of slaying
HPRegen 0.66/turn    V - ring of Himaseic {+Blink rElec rCorr Dex-3 SInv}
MPRegen 0.18/turn

%: clarity, roll, faith
@: slow
A: large, rugged brown scales 3, deformed body, armoured tail, roll, long
tongue, awkward tongue, horns 1, agile 1, clarity, clever 1, fire resistance 2,
low MP 2, sense surroundings 1, evolution 1, cold vulnerability 1, subdued magic
1, inability to drink after injury 1
0: Orb of Zot
}: 4/15 runes: decaying, serpentine, slimy, silver
a: Renounce Religion, Evoke Blink, Heroism, Finesse, Duel


You escaped.
You worshipped Okawaru.
Okawaru was exalted by your worship.
You visited 13 branches of the dungeon, and saw 57 of its levels.
You visited the Abyss 1 time.
You visited 2 bazaars.
You also visited: Bailey, Gauntlet, Ice Cave, Volcano and Wizlab.

You collected 7855 gold pieces.
You spent 3276 gold pieces at shops.

Inventory:

Hand Weapons
 a - a +9 vampiric broad axe (weapon)
 b - the +6 broad axe of Wyrd {antimagic, Dex+3 Stlth+}
   (Okawaru gifted it to you on level 4 of the Snake Pit)

   Dex:       It affects your dexterity (+3).
   Stlth:     It makes you more stealthy.
Missiles
 d - 4 boomerangs of dispersal
 s - 10 javelins
 u - 32 boomerangs
 J - 19 curare-tipped darts
 T - 16 silver javelins (quivered)
 U - 4 silver boomerangs
 Z - 6 throwing nets
Armour
 m - the +9 scales of the Dragon King (worn) {rPois rF+ rC+ Will+}
   (You found it on level 3 of the Elven Halls)

   rF:        It protects you from fire.
   rC:        It protects you from cold.
   rPois:     It protects you from poison.
   Will:      It increases your willpower.
 o - a +2 helmet of intelligence
 C - a +2 pair of gloves of strength (worn)
 O - a +2 cloak of willpower (worn)
 Q - the +10 Black Knight's barding (worn) {ponderous, rPois rN+}
   (Okawaru gifted it to you on level 3 of the Depths)

   rPois:     It protects you from poison.
   rN:        It protects you from negative energy.
 Y - the +10 tower shield of Ignorance (worn) {rN+ Int-4}
   (You acquired it on level 1 of the Elven Halls)

   Int:       It affects your intelligence (-4).
   rN:        It protects you from negative energy.
Jewellery
 g - the ring of Desoowul {Fire Str+5}
   (You found it in a Gauntlet)

   [ring of fire]

   It enhances your fire magic.
   Str:       It affects your strength (+5).
   rF:        It protects you from fire.
   rC:        It makes you vulnerable to cold.
 n - an amulet of faith (around neck)
 R - a +4 ring of slaying (left hand)
 V - the ring of Himaseic (right hand) {+Blink rElec rCorr Dex-3 SInv}
   (You bought it in a shop on level 2 of the Orcish Mines)

   [ring of see invisible]

   Dex:       It affects your dexterity (-3).
   rElec:     It insulates you from electricity.
   SInv:      It lets you see invisible.
   +Blink:    It lets you blink.
   rCorr:     It protects you from acid and corrosion.
 W - the amulet "Nouhadgh" {Regen+ Int+3 Stlth+}
   (You found it on level 3 of the Crypt)

   [amulet of regeneration]

   Int:       It affects your intelligence (+3).
   Regen:     It increases your rate of health regeneration.
   Stlth:     It makes you more stealthy.
 X - a ring of ice
Wands
 p - a wand of iceblast (32)
 v - a wand of quicksilver (19)
 y - a wand of polymorph (26)
 K - a wand of digging (21)
 S - a wand of mindburst (47)
Scrolls
 c - 6 scrolls of blinking
 e - a scroll of acquirement
 f - 13 scrolls of fear
 h - 8 scrolls of vulnerability
 i - 13 scrolls of poison
 j - 18 scrolls of teleportation
 A - 2 scrolls of magic mapping
 E - 13 scrolls of fog
 F - 3 scrolls of silence
 G - 14 scrolls of immolation
Potions
 k - 2 potions of haste
 l - 5 potions of resistance
 q - 6 potions of berserk rage
 r - 10 potions of heal wounds
 t - 22 potions of curing
 w - 5 potions of magic
 x - 5 potions of ambrosia
 z - 9 potions of invisibility
 B - 8 potions of might
 D - a potion of mutation
 H - 12 potions of flight
 M - 5 potions of attraction
 N - 6 potions of lignification
 P - 4 potions of cancellation
Miscellaneous
 I - a phial of floods
 L - a lightning rod (4/4)


   Skills:
 + Level 23.3 Fighting
 - Level 1.2 Long Blades
 + Level 21.9 Axes
 - Level 2.4(15.8) Maces & Flails
 * Level 13.7 Throwing
 * Level 24.5 Armour
 - Level 5.0 Dodging
 - Level 5.0 Stealth
 + Level 23.2 Shields
 - Level 1.7 Spellcasting
 - Level 8.0 Translocations
 - Level 4.0 Air Magic
 - Level 8.4 Invocations
 - Level 10.0 Evocations


You had 11 spell levels left.
You knew the following spells:

 Your Spells              Type           Power      Damage    Failure   Level
a - Blink                 Tloc           30%        N/A       13%         2
b - Vhi's Electric Charg  Tloc/Air       22%        N/A       52%         3
c - Lesser Beckoning      Tloc           30%        N/A       13%         2
d - Apportation           Tloc           30%        N/A       8%          1
e - Teleport Other        Tloc           15%        N/A       26%         3
f - Manifold Assault      Tloc           15%        N/A       65%         4
g - Gell's Gravitas       Tloc           15%        N/A       26%         3

Your spell library contained the following spells:

 Spells                   Type           Power      Damage    Failure   Level
 Passage of Golubria      Tloc           15%        N/A       65%         4
 Shock                    Conj/Air       16%        1d4       71%         1
 Portal Projectile        Hex/Tloc       16%        N/A       80%         3
 Swiftness                Air            8%         N/A       80%         3
 Poisonous Vapours        Pois/Air       8%         N/A       85%         2
 Cigotuvi's Dreadful Rot  Necr/Pois/Air  6%         N/A       91%         2
 Beastly Appendage        Tmut           0%         N/A       94%         1
 Foxfire                  Conj/Fire      0%         2x1d4     94%         1
 Kiss of Death            Conj/Necr      0%         2d5       94%         1
 Magic Dart               Conj           0%         1d3       94%         1
 Sandblast                Erth           0%         2d4       94%         1
 Sting                    Tmut/Pois      0%         1d3       94%         1
 Passwall                 Tmut/Erth      0%         N/A       98%         2
 Sublimation of Blood     Necr           0%         N/A       98%         2
 Wereblood                Tmut           0%         N/A       98%         2
 Mephitic Cloud           Conj/Pois/Air  3%         N/A       99%         3
 Airstrike                Air            4%         2d(1-17)  99%         4
 Confusing Touch          Hex            0%         N/A       100%        3
 Frozen Ramparts          Ice            0%         1d1       100%        3
 Hailstorm                Conj/Ice       0%         3d3       100%        3
 Ignite Poison            Fire/Tmut/Pois 0%         N/A       100%        3
 Inner Flame              Hex/Fire       0%         N/A       100%        3
 Stone Arrow              Conj/Erth      0%         3d7       100%        3
 Anguish                  Hex/Necr       0%         N/A       100%        4
 Cause Fear               Hex            0%         N/A       100%        4
 Dispel Undead            Necr           0%         3d6       100%        4
 Flame Wave               Conj/Fire      0%         2d4       100%        4
 Ice Form                 Ice/Tmut       0%         N/A       100%        4
 Petrify                  Tmut/Erth      0%         N/A       100%        4
 Sticky Flame             Conj/Fire      0%         2d3       100%        4
 Alistair's Intoxication  Tmut/Pois      0%         N/A       100%        5
 Borgnjor's Vile Clutch   Necr/Erth      0%         N/A       100%        5
 Fireball                 Conj/Fire      0%         3d3       100%        5
 Irradiate                Conj/Tmut      0%         3d11      100%        5
 Iskenderun's Battlesphe  Conj           0%         2d6       100%        5
 Metabolic Englaciation   Hex/Ice        0%         N/A       100%        5
 Silence                  Hex/Air        2%         N/A       100%        5
 Yara's Violent Unravell  Hex/Tmut       0%         3d3       100%        5
 Dispersal                Tloc           7%         N/A       100%        6
 Iron Shot                Conj/Erth      0%         9d1       100%        6
 Plasma Beam              Fire/Air       2%         2x1d13    100%        6
 Starburst                Conj/Fire      0%         6d3       100%        6
 Statue Form              Tmut/Erth      0%         N/A       100%        6
 Dragon Form              Tmut           0%         N/A       100%        7
 Enfeeble                 Hex            0%         N/A       100%        7
 Orb of Destruction       Conj           0%         9d5       100%        7
 Ozocubu's Refrigeration  Ice            0%         4d7       100%        7
 Storm Form               Tmut/Air       2%         N/A       100%        7
 Borgnjor's Revivificati  Necr           0%         N/A       100%        8
 Disjunction              Tloc           7%         N/A       100%        8
 Maxwell's Capacitive Co  Air            4%         ∞         100%        8
 Necromutation            Tmut/Necr      0%         N/A       100%        8
 Death's Door             Necr           0%         N/A       100%        9
 Call Imp                 Summ           Unusable   N/A       N/A         2
 Call Canine Familiar     Summ           Unusable   N/A       N/A         3
 Summon Guardian Golem    Hex/Summ       Unusable   N/A       N/A         3
 Tukima's Dance           Hex            Unusable   N/A       N/A         3
 Animate Dead             Necr           Unusable   N/A       N/A         4
 Summon Lightning Spire   Summ/Air       Unusable   N/A       N/A         4
 Summon Mana Viper        Hex/Summ       Unusable   N/A       N/A         5
 Death Channel            Necr           Unusable   N/A       N/A         6
 Simulacrum               Ice/Necr       Unusable   N/A       N/A         6
 Spellforged Servitor     Conj/Summ      Unusable   N/A       N/A         7
 Summon Hydra             Summ           Unusable   N/A       N/A         7
 Dragon's Call            Summ           Unusable   N/A       N/A         9

Dungeon Overview and Level Annotations

Branches:
Dungeon (15/15)            Temple (1/1) D:7            Lair (5/5) D:11
  Swamp (4/4) Lair:2        Snake (4/4) Lair:3        Slime (5/5) Lair:4
    Orc (2/2) D:12            Elf (3/3) Orc:2        Vaults (5/5) D:14
  Crypt (3/3) Vaults:2       Tomb (0/3) Crypt:3      Depths (4/4) D:15
   Hell (visited)             Dis (0/7) Hell            Geh (0/7) Hell
    Coc (0/7) Hell            Tar (0/7) Hell            Zot (5/5) Depths:4
 Bailey (visited)           IceCv (visited)         Volcano (visited)
 WizLab (visited)         Gauntlet (visited)

Altars:
Ashenzari
Cheibriados
Dithmenos
Elyvilon
Fedhas
Gozag
Hepliaklqana
Kikubaaqudgha
Makhleb
Nemelex Xobeh
Okawaru
Qazlal
Ru
Sif Muna
Trog
Uskayaw
Vehumet
Wu Jian
Xom
Yredelemnul
Zin
The Shining One
Jiyva

Shops:
D:5 [(   D:8 *   D:14 (   Orc:2 !*[=   Elf:1 (   Elf:3 *([(:(??*   Snake:1 ?*
Vaults:1 *   Vaults:3 =   Depths:2 ::=

Portals:
Hell: Depths:1 Depths:2 Depths:3 Depths:4
Abyss: Depths:1 Depths:3 Depths:4
Pandemonium: Orc:2 Depths:2 Depths:3
Ziggurat: Depths:4

Annotations:
Snake:2 1 transporter, Aizul
Elf:2 5 runed translucent doors
Depths:3 2 transporters


Innate Abilities, Weirdness & Mutations

You are completely covered in rugged brown scales. (AC +3, +7% HP)
Armour fits poorly on your strangely shaped body.
You have a long armoured tail.
You roll when moving toward enemies. (Rampage)
Your long tongue fully drains potion bottles. (2x potion effects)
Your tongue gives you trouble enunciating. (1.5x scroll delay)
You have a pair of small horns on your head.
You are agile. (Dex +4, Str/Int -1)
You possess an exceptional clarity of mind.
Your mind is acute. (Int +4, Str/Dex -1)
Your flesh is very heat resistant. (rF++)
Your magical capacity is very low. (-20% MP)
You passively map a small area around you.
You have hidden genetic potential.
You are vulnerable to cold. (rC-)
Your spells are a little easier to cast, but a little less powerful.
You occasionally lose the ability to drink potions when taking damage.


Message History

The sun demon is lightly wounded.
You block the sun demon's attack.
You slice the sun demon!! Your headbutt misses the sun demon.
The sun demon is heavily wounded.
The sun demon hits you but does no damage.
You closely miss the sun demon.
The sun demon is heavily wounded.
You block the sun demon's attack.
You hit the sun demon. You tail-slap the sun demon.
The sun demon is severely wounded.
You block the sun demon's attack.
You slash the sun demon!
The sun demon is almost dead.
You block the sun demon's attack.
You slice the sun demon!!
You kill the sun demon!
Okawaru accepts your kill.
You climb upwards.
There is a stone staircase leading down here.
You see here a +0 leather armour.
Aiming: Dig
Press: ? - help, Shift-Dir - straight line You can't see that place. [the floor.]
The rock shatters into small pieces.
There is a stone staircase leading up here.
You climb upwards.
There is a stone staircase leading down, spattered with blood here.
As you slowly read the scroll of teleportation, it crumbles to dust.
You feel strangely unstable.
You feel the Orb delaying your translocation!
Your surroundings suddenly seem different.
Aiming: Dig
Press: ? - help, Shift-Dir - straight line You can't see that place. [a rock wall.]
The rock shatters into small pieces.
There is a staircase leading out of the dungeon here.
You can't go down here!
You have escaped!

###.................##.).........
.......#.....######.##.#.........
.......................##........
.....#.#.##..#.#.#######..#######
###..#.##.####.....####.#########
#..#.###...###.###...## #....^.
###..#.# ###...###...### #......
>....#.# ##.......## #......
.....#.# ###.@.#########......
.###.#.# ##....................
.....#.# ###...###...####........
.###.#.###...#######...##........
.###....#.#####....####.#.#......
.........###....##....##..#......
.#.#....####.########.....#......
.#.###.......# #####.###'###
.#.####....### #.# #....


There were no monsters in sight!

Vanquished Creatures
  the Royal Jelly (Slime:5)
  6 dread liches
  5 ancient liches
  2 orbs of fire
  2 juggernauts
  Boris (twice) (Depths:4 Crypt:1)
  Sojobo (Depths:4)
  Vv (Crypt:2)
  2 Killer Klowns
  Bai Suzhen (Crypt:2)
  Vashnia (Snake:2)
  Saint Roka (Depths:2)
  A curse toe (Crypt:3)
  A caustic shrike (Depths:2)
  Jory (Crypt:1)
  Geryon (Arena)
  10 golden dragons
  A bone dragon (Depths:4)
  An electric golem (Zot:2)
  A Brimstone Fiend (D:13)
  3 doom hounds (Crypt:2)
  A tainted leviathan (Hell)
  2 deep elf master archers (Elf:3)
  13 tentacled monstrosities
  23 Orb Guardians
  Grunn (Crypt:2)
  A titan (Vaults:5)
  A walking frostbound tome (Depths:2)
  3 deep elf blademasters (Elf:3)
  2 liches
  5 quicksilver dragons
  5 death cobs
  Asterion (Depths:2)
  Frances (D:13)
  21 acid blobs
  2 tentacled starspawn (Abyss:4)
  10 ancient champions
  13 sphinxes
  Agnes (Elf:1)
  2 thorn hunters
  9 tengu reavers
  Kirke (Lair:5)
  4 nagarajas
  4 draconian monks
  7 shadow dragons
  Roxanne (Elf:2)
  2 revenants (Crypt:1)
  13 storm dragons
  11 rockslimes
  10 deep elf sorcerers
  6 azure jellies
  3 fire giants
  2 iron dragons
  4 draconian knights
  19 vault wardens
  9 frost giants
  Louise (Depths:3)
  A ghost moth (Zot:2)
  3 curse skulls
  6 draconian shifters
  6 ghouls
  An angel (Zot:3)
  3 draconian scorchers
  4 spectral caustic shrikes (Depths:3)
  6 deep elf elementalists (Elf:3)
  9 quicksilver oozes
  4 draconian stormcallers
  2 spriggan defenders (Depths:2)
  3 demonspawn corrupters (WizLab)
  16 ironbound preservers
  2 war gargoyles
  29 very ugly things
  15 stone giants
  3 draconian annihilators
  4 deep elf demonologists (Elf:3)
  6 reapers
  6 green draconians
  A rockslime zombie (Crypt:2)
  7 black draconians
  5 ironbound thunderhulks
  7 dire elephants
  6 putrid mouths
  4 vampire knights
  2 bunyips
  Azrael (D:13)
  A minotaur (Gauntlet)
  13 spark wasps
  5 eleionomae
  9 white draconians
  12 deep elf annihilators
  A spark wasp (shapeshifter) (Vaults:5)
  7 red draconians
  9 yellow draconians
  2 purple draconians
  3 eidola
  9 ettins
  7 deep elf death magi
  An entropy weaver (Vaults:2)
  17 yaktaur captains
  3 crystal guardians
  A green death (Abyss:4)
  6 jiangshi
  6 deep elf high priests
  10 great orbs of eyes
  7 fire dragons
  Josephine (D:15)
  38 vault guards
  4 catoblepae
  4 salamander tyrants (Snake:4)
  Harold (Lair:2)
  A rakshasa (Depths:1)
  7 ice dragons
  A quicksilver dragon skeleton (Vaults:4)
  A ghost crab (Swamp:1)
  23 hydras
  Erolcha (Orc:1)
  5 spriggan air magi
  2 demonspawn (Orc:2)
  A spriggan skeleton (Crypt:2)
  3 peacekeepers
  8 two-headed ogres
  An ogre mage (D:15)
  An anaconda (shapeshifter) (Vaults:5)
  A merfolk aquamancer (WizLab)
  15 anacondas
  19 dancing weapons
  A fenstrider witch skeleton (Crypt:1)
  3 boulder beetles
  8 centaur warriors
  12 ironbound frosthearts
  6 death yaks (Lair:5)
  A death knight (Crypt:2)
  2 tengu warriors
  A hell hog (Gauntlet)
  7 deep troll shamans
  3 alligators
  5 vampire magi
  8 orc high priests (Orc:2)
  10 deep troll earth magi
  18 naga warriors
  11 shock serpents
  15 naga sharpshooters
  A thrashing horror (Abyss:4)
  13 spriggan berserkers
  2 sun demons
  Sonja (D:13)
  15 hell knights
  13 deep elf knights
  12 iron trolls
  19 skeletal warriors
  A spatial maelstrom (Abyss:4)
  A titan skeleton (Crypt:3)
  5 skysharks
  9 soul eaters
  2 crystal echidnas (Depths:1)
  A sea snake (Snake:3)
  6 salamander mystics
  A sixfirhy (Abyss:4)
  5 large abominations (Abyss:4)
  A shadow wraith (Vaults:5)
  6 goliath frogs
  3 wretched stars (Abyss:4)
  6 glowing orange brains
  A ghost moth zombie (Crypt:3)
  A goliath frog (shapeshifter) (WizLab)
  41 deep trolls
  9 naga ritualists
  3 flayed ghosts
  2 tengu zombies
  13 swamp dragons
  6 bog bodies
  17 wizards
  18 phantasmal warriors
  8 spriggan druids
  12 deep elf archers
  20 ironbound convokers
  4 orange crystal statues (Hell)
  10 lindwurms
  2 anaconda skeletons
  28 deep elf zephyrmancers
  A mana viper (shapeshifter) (Depths:4)
  A stone giant zombie (Crypt:3)
  5 harpies
  9 mana vipers
  7 orc knights
  7 necromancers
  17 deep elf pyromancers
  A wolf spider (Vaults:5)
  38 ugly things
  An oklob plant (Lair:5)
  3 cyclopes
  3 manticores
  6 shining eyes
  23 salamanders
  6 centaur zombies
  4 orc sorcerers (Orc:2)
  3 will-o-the-wisps
  5 worldbinders
  21 moths of wrath
  A cyclops (shapeshifter) (D:14)
  22 elephants
  A stone giant skeleton (Crypt:3)
  4 guardian serpents (Snake:4)
  2 moths of wrath (shapeshifter)
  22 vault sentinels
  An apocalypse crab (Abyss:4)
  6 molten gargoyles
  20 naga magi
  3 ice statues
  A water nymph (WizLab)
  2 gargoyles (D:12)
  A rust devil (Depths:1)
  An alligator snapping turtle zombie (Crypt:1)
  A torpor snail (Lair:4)
  An eye of devastation (Slime:2)
  41 black mambas
  9 cane toads
  A human zombie (Vaults:4)
  6 smoke demons
  A dire elephant zombie (Hell)
  A dire elephant skeleton (Crypt:1)
  Maggie (Lair:2)
  A purple draconian zombie (Crypt:2)
  46 yaktaurs
  A kobold demonologist (D:13)
  6 komodo dragons
  2 rime drakes (Lair:3)
  6 efreet
  A naga skeleton (Hell)
  A hellion (Depths:1)
  6 ice devils (IceCv)
  2 freezing wraiths
  An ancient zyme (Abyss:4)
  A tormentor (Abyss:4)
  3 tengu conjurers
  9 guardian mummies
  3 meliai (D:14)
  An anaconda simulacrum (IceCv)
  A sea snake skeleton (Crypt:2)
  5 trolls
  A red devil (Hell)
  2 hydra zombies (Hell)
  5 tyrant leeches
  2 polar bears
  A hornet (shapeshifter) (Elf:1)
  2 hydra skeletons (Hell)
  A merfolk (shapeshifter) (Vaults:5)
  A bloated husk (Swamp:4)
  A moth of wrath zombie (Crypt:3)
  13 hornets
  3 polar bears (shapeshifter)
  An alligator zombie (Hell)
  An ettin zombie (Vaults:4)
  2 tarantellas (shapeshifter)
  3 raiju (Abyss:4)
  A dream sheep (shapeshifter) (Vaults:5)
  A harpy skeleton (Crypt:3)
  20 blink frogs
  A guardian serpent zombie (Crypt:2)
  91 slime creatures
  An ice dragon zombie (Crypt:2)
  A fire dragon zombie (Hell)
  16 flying skulls
  A shadow (D:12)
  An alligator skeleton (Hell)
  4 air elementals
  A fire dragon skeleton (Crypt:3)
  A spriggan (shapeshifter) (Vaults:5)
  8 water elementals
  2 small abominations (Abyss:4)
  A yak (shapeshifter) (Vaults:5)
  6 fire bats
  16 spriggans
  A vampire (D:14)
  10 wraiths
  4 humans (Lair:5)
  A ynoxinul (Abyss:4)
  A hog (Lair:5)
  4 wyverns
  2 dire elephant simulacra (IceCv)
  66 yaks
  12 fire elementals
  6 golden eyes (Slime:4)
  A redback simulacrum (D:15)
  A neqoxec (Abyss:4)
  6 vampire mosquitoes
  2 naga zombies
  A steam dragon (Lair:3)
  4 harpy simulacra (IceCv)
  2 acid dragons
  56 nagas
  19 swamp worms
  2 wargs
  An ogre skeleton (Vaults:4)
  18 water moccasins
  A floating eye (shapeshifter) (Vaults:5)
  6 hell hounds
  11 swamp drakes
  5 hydra simulacra
  2 floating eyes
  A cane toad skeleton (Crypt:1)
  A two-headed ogre skeleton (Crypt:2)
  47 orc warriors
  A sky beast (D:6)
  A black bear (shapeshifter) (Elf:3)
  2 demonspawn skeletons
  An ice beast (D:6)
  3 black bears
  11 ogres
  24 wolves
  19 centaurs
  5 boggarts (Vaults:1)
  An ogre (shapeshifter) (D:14)
  A manticore skeleton (Crypt:3)
  7 kobold brigands
  3 gnoll sergeants
  11 bullfrogs
  2 necrophages
  5 earth elementals
  A scorpion (D:5)
  A two-headed ogre simulacrum (IceCv)
  A shapeshifter zombie (Crypt:1)
  A warg zombie (Crypt:2)
  An elephant simulacrum (IceCv)
  16 killer bees
  A howler monkey (D:9)
  A yak skeleton (Crypt:1)
  6 electric eels
  9 hounds
  2 jellies
  A centaur skeleton (Crypt:2)
  26 orc priests
  5 starcursed masses (Abyss:4)
  4 gnoll boudas
  2 sleepcaps
  4 iguanas
  13 orc wizards
  A troll simulacrum (IceCv)
  A polar bear simulacrum (IceCv)
  A spriggan simulacrum (IceCv)
  A wolf simulacrum (IceCv)
  An ogre zombie (Crypt:3)
  A howler monkey zombie (D:10)
  3 mummies (Crypt:2)
  35 gnolls
  5 adders
  A shadow imp (D:5)
  2 white imps
  4 worms
  A dart slug (D:2)
  96 orcs
  12 ball pythons
  4 endoplasms
  9 goblins
  16 hobgoblins
  12 jackals
  5 quokkas
  3 training dummies (Elf:1)
  5 bats
  3 frilled lizards (D:1)
  A jackal zombie (Crypt:1)
  30 kobolds
  9 rats
  A fire vortex (Volcano)
  A lurking horror (Abyss:4)
  A spectral weapon (Depths:2)
  4 starspawn tentacles (Abyss:4)
2490 creatures vanquished.

Vanquished Creatures (others)
  A draconian knight (Zot:1)
  A great orb of eyes (Vaults:4)
  A naga sharpshooter (Snake:4)
  2 deep elf knights
  A deep troll (Vaults:4)
  A deep elf zephyrmancer (Elf:3)
  2 black mambas (Snake:3)
  A red devil (Hell)
  A bloated husk (Swamp:2)
  A naga (Snake:4)
  A swamp drake (Swamp:2)
  A fire vortex (Volcano)
  20 foxfires
  3 starspawn tentacles (Abyss:4)
37 creatures vanquished.

Grand Total: 2527 creatures vanquished

Notes
Turn   | Place    | Note
-------+----------+-------------------------------------------
     0 | D:1      | coffeetime the Armataur Warper began the quest for the Orb.
     0 | D:1      | Reached XP level 1. HP: 18/18 MP: 3/3
   178 | D:1      | Reached XP level 2. HP: 25/25 MP: 4/4
  1029 | D:2      | Reached XP level 3. HP: 30/31 MP: 5/5
  1310 | D:2      | Identified the +2 leather armour of Qacrigh {Int+5 Dex+4}
  1424 | D:2      | Learned a level 2 spell: Blink
  1772 | D:3      | Reached XP level 4. HP: 39/39 MP: 6/6
  1856 | D:3      | You fall into a shaft and drop 1 floor!
  1901 | D:4      | Noticed an ogre
  1961 | D:3      | Reached skill level 1 in Maces & Flails
  1961 | D:3      | Reached skill level 2 in Armour
  2046 | D:3      | Reached XP level 5. HP: 39/44 MP: 7/7
  2111 | D:3      | Reached skill level 1 in Stealth
  2567 | D:4      | Reached XP level 6. HP: 44/53 MP: 8/8
  2667 | D:4      | Learned a level 3 spell: Vhi's Electric Charge
  2706 | D:4      | Found a broken altar of Ashenzari.
  3270 | D:5      | Entered Level 5 of the Dungeon
  3325 | D:5      | Found Plog's Antique Armour Shoppe.
  3325 | D:5      | Found Qeozila's Antique Weapon Boutique.
  3424 | D:5      | Reached XP level 7. HP: 56/60 MP: 9/9
  3605 | D:5      | Reached skill level 1 in Evocations
  3773 | D:5      | Learned a level 2 spell: Lesser Beckoning
  3862 | D:5      | Reached skill level 3 in Armour
  4363 | D:4      | Reached skill level 5 in Axes
  4748 | D:6      | Found an ornate altar of the Wu Jian Council.
  4859 | D:6      | Found a hazy altar of Hepliaklqana.
  4962 | D:6      | Reached XP level 8. HP: 70/70 MP: 10/10
  5240 | D:6      | Found a sacrificial altar of Ru.
  5371 | D:6      | Reached skill level 5 in Translocations
  5825 | D:7      | Reached skill level 4 in Armour
  5852 | D:7      | Reached skill level 1 in Air Magic
  5906 | D:7      | Found a staircase to the Ecumenical Temple.
  5913 | Temple   | Entered the Ecumenical Temple
  5961 | Temple   | Became a worshipper of Warmaster Okawaru
  6607 | D:8      | Noticed a centaur warrior
  6610 | D:8      | Noticed a centaur warrior
  6612 | D:8      | Noticed a centaur warrior
  6613 | D:8      | Noticed a two-headed ogre
  6629 | D:7      | Reached XP level 9. HP: 77/77 MP: 11/11
  6814 | D:9      | Found a shimmering altar of Xom.
  6833 | D:9      | Noticed a two-headed ogre
  6846 | D:9      | Reached * piety under Okawaru
  6925 | D:9      | Killed a two-headed ogre
  6926 | D:9      | Reached skill level 5 in Fighting
  6926 | D:9      | Reached skill level 5 in Armour
  6941 | D:9      | Found a flagged portal.
  6970 | Bailey   | Entered a bailey
  6975 | Bailey   | Noticed an orc warlord
  6975 | Bailey   | Found the sphere of Battle
  7027 | Bailey   | Reached skill level 1 in Throwing
  7082 | Bailey   | Reached ** piety under Okawaru
  7083 | Bailey   | Reached skill level 1 in Invocations
  7110 | Bailey   | Found a runed translucent gate.
  7144 | Bailey   | Found a runed translucent gate.
  7350 | Bailey   | Found a runed translucent gate.
  7723 | Bailey   | HP: 3/80 [orc warlord/+4 battleaxe (6)]
  7811 | D:9      | Reached skill level 5 in Throwing
  7811 | D:9      | Reached XP level 10. HP: 29/98 MP: 8/16
  7811 | D:9      | Reached XP level 11. HP: 31/105 MP: 8/17
  8068 | D:9      | Reached skill level 5 in Stealth
  8981 | D:10     | Entered Level 10 of the Dungeon
  9015 | D:10     | Reached skill level 1 in Long Blades
  9015 | D:10     | Reached skill level 6 in Armour
  9015 | D:10     | Reached skill level 1 in Shields
  9323 | D:10     | Reached skill level 10 in Fighting
  9337 | D:10     | Reached XP level 12. HP: 112/113 MP: 18/18
  9344 | D:10     | Reached *** piety under Okawaru
  9414 | D:10     | Found an ancient bone altar of Kikubaaqudgha.
  9455 | D:10     | Found a shadowy altar of Dithmenos.
  9907 | D:10     | Noticed a two-headed ogre
  9915 | D:10     | Killed a two-headed ogre
 10221 | D:10     | Reached skill level 7 in Armour
 10371 | D:10     | Identified the +0 ring mail of Repulsion {rC++}
 10376 | D:10     | Reached **** piety under Okawaru
 10706 | D:11     | Noticed a two-headed ogre
 10711 | D:11     | Killed a two-headed ogre
 10902 | D:11     | Noticed a boulder beetle
 10943 | D:11     | Received a gift from Okawaru
 10986 | D:11     | Killed a boulder beetle
 10986 | D:11     | Received a gift from Okawaru
 11426 | D:11     | Received a gift from Okawaru
 11668 | D:11     | Found a staircase to the Lair.
 11871 | Lair:1   | Entered Level 1 of the Lair of Beasts
 11979 | Lair:1   | Reached skill level 5 in Shields
 13024 | Lair:1   | Received a gift from Okawaru
 13215 | Lair:2   | Received a gift from Okawaru
 13258 | Lair:2   | Reached skill level 8 in Armour
 13327 | Lair:2   | Found a staircase to the Swamp.
 13330 | Lair:2   | Noticed Maggie
 13342 | Lair:2   | Killed Maggie
 13500 | Lair:2   | Reached ***** piety under Okawaru
 13584 | Lair:2   | Received a gift from Okawaru
 13756 | Lair:2   | Received a gift from Okawaru
 13908 | Lair:2   | Reached XP level 13. HP: 124/124 MP: 19/19
 14022 | Lair:2   | Noticed Harold
 14041 | Lair:2   | Killed Harold
 14360 | Lair:3   | Found a staircase to the Snake Pit.
 14447 | Lair:3   | Found a frozen archway.
 14546 | IceCv    | Entered an ice cave
 14681 | IceCv    | Identified the +0 barding of Words of Power {rN+ Will+++
                  | Str+3 Slay-5} (Okawaru gifted it to you in an ice cave)
 14681 | IceCv    | Received a gift from Okawaru
 14901 | IceCv    | Gained mutation: You sometimes lose your temper in combat.
                  | [potion of mutation]
 14901 | IceCv    | Gained mutation: Your muscles are strong. (Str +4, Int/Dex
                  | -1) [potion of mutation]
 14901 | IceCv    | Gained mutation: You are dopey. (Int -2) [potion of
                  | mutation]
 14901 | IceCv    | Lost mutation: You are dopey. (Int -2) [potion of mutation]
 14901 | IceCv    | Gained mutation: Your magical capacity is low. (-10% MP)
                  | [potion of mutation]
 14901 | IceCv    | Gained mutation: Your tail ends in a venomous barb. [potion
                  | of mutation]
 15094 | IceCv    | Reached skill level 9 in Armour
 16708 | Lair:3   | Reached skill level 10 in Armour
 17067 | Lair:4   | Found a runed translucent door.
 17068 | Lair:4   | Found a viscous altar of Jiyva.
 17068 | Lair:4   | Found a staircase to the Slime Pits.
 17068 | Lair:4   | Noticed an acid blob
 17068 | Lair:4   | Noticed an acid blob
 17068 | Lair:4   | Noticed an acid blob
 17375 | Lair:4   | Received a gift from Okawaru
 17670 | Lair:4   | Reached XP level 14. HP: 135/135 MP: 18/18
 18276 | Lair:5   | Entered Level 5 of the Lair of Beasts
 18297 | Lair:5   | Reached skill level 11 in Armour
 18442 | Lair:5   | Found a dark tunnel.
 18489 | Volcano  | Entered a volcano
 19648 | Lair:5   | Received a gift from Okawaru
 19756 | Lair:4   | Reached skill level 12 in Armour
 20068 | Lair:5   | Identified the +8 executioner's axe "Juchounu" {antimagic,
                  | +Blink rF- Dex+2 Stlth+} (Okawaru gifted it to you on level
                  | 5 of the Lair of Beasts)
 20068 | Lair:5   | Received a gift from Okawaru
 20395 | Lair:5   | Noticed Kirke
 20415 | Lair:5   | Killed Kirke
 20429 | Lair:5   | Identified the +0 plate armour of Reudi {rF+ Will- rCorr
                  | Str+2} (Okawaru gifted it to you on level 5 of the Lair of
                  | Beasts)
 20429 | Lair:5   | Received a gift from Okawaru
 20782 | Lair:5   | Reached skill level 13 in Armour
 21793 | D:9      | Identified the +0 pair of gloves "Qefyerue" {Will+ Int+5}
                  | (Okawaru gifted it to you on level 9 of the Dungeon)
 21793 | D:9      | Received a gift from Okawaru
 21797 | D:9      | Reached XP level 15. HP: 147/147 MP: 19/19
 21896 | D:8      | Reached skill level 5 in Evocations
 22036 | D:8      | Found Surrap's Assorted Antiques.
 22102 | D:8      | Bought a scroll of teleportation for 60 gold pieces
 22102 | D:8      | Bought a bubbling puce potion for 18 gold pieces
 22102 | D:8      | Bought a purple potion for 18 gold pieces
 22102 | D:8      | Bought a potion of invisibility for 160 gold pieces
 22428 | D:8      | Found a bloodstained altar of Trog.
 22598 | D:5      | Bought a glowing cloak for 202 gold pieces
 23342 | D:12     | Found a staircase to the Orcish Mines.
 23400 | Orc:1    | Entered Level 1 of the Orcish Mines
 23626 | Orc:1    | Noticed Erolcha
 23647 | Orc:1    | Killed Erolcha
 23874 | Orc:2    | Entered Level 2 of the Orcish Mines
 23939 | Orc:2    | Found Livy's Distillery.
 24200 | Orc:2    | Found Lairch's General Store.
 24209 | Orc:2    | Reached skill level 14 in Armour
 25018 | Orc:2    | Identified the +4 double sword of Focy Vul {heavy, Will-
                  | Int+6} (Okawaru gifted it to you on level 2 of the Orcish
                  | Mines)
 25018 | Orc:2    | Received a gift from Okawaru
 25271 | Orc:2    | Found a staircase to the Elven Halls.
 25347 | Orc:2    | Reached ****** piety under Okawaru
 25348 | Orc:2    | Reached skill level 15 in Fighting
 25421 | Orc:2    | Found Lamees's Antique Armour Boutique.
 25421 | Orc:2    | Found a one-way gate leading to the halls of Pandemonium.
 25421 | Orc:2    | Found Yhoy's Jewellery Shop.
 25459 | Orc:2    | Bought a kite shield for 166 gold pieces
 25472 | Orc:2    | Bought the ring of Himaseic {+Blink rElec rCorr Dex-3 SInv}
                  | for 635 gold pieces
 25507 | Orc:2    | Bought a potion of haste for 150 gold pieces
 25514 | Orc:2    | Bought a potion of flight for 45 gold pieces
 25979 | D:12     | Identified the +4 long sword of Fywkeff {spect, MP+9 Str+2}
                  | (Okawaru gifted it to you on level 12 of the Dungeon)
 25979 | D:12     | Received a gift from Okawaru
 27330 | D:13     | Noticed Sonja
 27638 | D:13     | Noticed Azrael
 27652 | D:13     | Killed Azrael
 27660 | D:13     | Killed Sonja
 28519 | D:13     | Received a gift from Okawaru
 28597 | D:13     | Noticed Frances
 28610 | D:13     | Killed Frances
 29240 | D:14     | Found a gate leading to a gauntlet.
 29277 | D:14     | Reached XP level 16. HP: 156/159 MP: 20/20
 29278 | Gauntlet | Entered a Gauntlet
 29278 | Gauntlet | Found a transporter.
 29278 | Gauntlet | Found a transporter.
 29278 | Gauntlet | Found a transporter.
 29279 | Gauntlet | Found a transporter.
 29282 | Gauntlet | Found a transporter.
 29298 | Gauntlet | Found a transporter.
 29309 | Gauntlet | Found a transporter.
 29317 | Gauntlet | Found a transporter.
 29323 | Gauntlet | Found a transporter.
 29340 | Gauntlet | Found a transporter.
 29348 | Gauntlet | Found a transporter.
 29365 | Gauntlet | Found a transporter.
 29458 | Gauntlet | Identified the ring of Desoowul {Fire Str+5}
 29552 | Gauntlet | Identified the +0 cloak of the Bulwark {rC+ rCorr}
 29623 | Gauntlet | Identified the staff of cold "Etzestya" {rC+ Dex+3}
 29648 | Gauntlet | Got the Codex of Filthy Position
 30196 | D:14     | Found Imyotow's Weapon Shop.
 30352 | D:14     | Found a gate to the Vaults.
 30370 | D:14     | Received a gift from Okawaru
 30529 | D:14     | Reached skill level 15 in Armour
 30677 | D:14     | Identified a scroll of acquirement
 30677 | D:14     | Acquired a manual of Armour
 31467 | D:15     | Entered Level 15 of the Dungeon
 31813 | D:15     | Noticed Josephine
 31828 | D:15     | Killed Josephine
 32396 | D:15     | Found a staircase to the Depths.
 32622 | Orc:2    | Bought a potion of might for 60 gold pieces
 32622 | Orc:2    | Bought a potion of mutation for 120 gold pieces
 32622 | Orc:2    | Bought a potion of curing for 45 gold pieces
 32622 | Orc:2    | Bought a potion of curing for 45 gold pieces
 32792 | Swamp:1  | Entered Level 1 of the Swamp
 33071 | Swamp:1  | Reached skill level 10 in Axes
 33329 | Swamp:1  | Received a gift from Okawaru
 33625 | Swamp:1  | Identified the +0 helmet "Furyj Hehu" {*Slow Fly rC+ Str+2}
                  | (Okawaru gifted it to you on level 1 of the Swamp)
 33625 | Swamp:1  | Received a gift from Okawaru
 33668 | Swamp:1  | Reached skill level 16 in Armour
 33718 | Swamp:1  | Acquired the +3 barding of Undesirable Species {Int+3
                  | Dex+4}
 34250 | Swamp:2  | Noticed a thorn hunter
 34272 | Swamp:1  | Killed a thorn hunter
 34904 | Swamp:2  | Identified the ring "Buok" {rPois Dex+6 SInv}
 36091 | Swamp:3  | Reached XP level 17. HP: 165/167 MP: 20/20
 36217 | Swamp:4  | Entered Level 4 of the Swamp
 36527 | Swamp:4  | Received a gift from Okawaru
 36667 | Swamp:4  | Received a gift from Okawaru
 36668 | Swamp:4  | Reached skill level 17 in Armour
 36866 | Swamp:4  | Reached skill level 10 in Shields
 37099 | Swamp:4  | Received a gift from Okawaru
 37482 | Swamp:4  | Received a gift from Okawaru
 37940 | Swamp:4  | Got a decaying rune of Zot
 37944 | Swamp:4  | Learned a level 1 spell: Apportation
 37949 | Swamp:4  | Learned a level 3 spell: Teleport Other
 37954 | Swamp:4  | Learned a level 4 spell: Manifold Assault
 37958 | Swamp:4  | Learned a level 3 spell: Gell's Gravitas
 38118 | Snake:1  | Entered Level 1 of the Snake Pit
 38191 | Snake:1  | Received a gift from Okawaru
 38302 | Snake:1  | Found Geywazacu's General Store.
 38307 | Snake:1  | Found Onluugg's Magic Scroll Shoppe.
 38359 | Snake:1  | Received a gift from Okawaru
 38461 | Snake:1  | Received a gift from Okawaru
 39848 | Snake:2  | Found a radiant altar of Vehumet.
 39852 | Snake:2  | Found a transporter.
 39999 | Snake:2  | Reached skill level 18 in Armour
 40238 | Snake:2  | Noticed Aizul
 40252 | Snake:2  | Received a gift from Okawaru
 40649 | Snake:3  | Noticed Vashnia
 40674 | Snake:2  | Killed Vashnia
 40741 | Snake:3  | Reached XP level 18. HP: 152/176 MP: 21/21
 40773 | Snake:3  | Received a gift from Okawaru
 40849 | Snake:3  | Received a gift from Okawaru
 41149 | Snake:3  | Identified the +3 scimitar "Ziewif" {holy, +Blink Str+3}
                  | (Okawaru gifted it to you on level 3 of the Snake Pit)
 41149 | Snake:3  | Received a gift from Okawaru
 41577 | Snake:4  | Entered Level 4 of the Snake Pit
 41830 | Snake:4  | Reached skill level 19 in Armour
 42245 | Snake:4  | Identified the +6 broad axe of Wyrd {antimagic, Dex+3
                  | Stlth+} (Okawaru gifted it to you on level 4 of the Snake
                  | Pit)
 42245 | Snake:4  | Received a gift from Okawaru
 42927 | Snake:4  | Received a gift from Okawaru
 43188 | Snake:4  | Identified the +11 double sword of Mipar {heavy, Str+4
                  | Dex+2} (Okawaru gifted it to you on level 4 of the Snake
                  | Pit)
 43188 | Snake:4  | Received a gift from Okawaru
 43735 | Snake:4  | Reached skill level 10 in Evocations
 43981 | Snake:4  | Got a serpentine rune of Zot
 44293 | Elf:1    | Entered Level 1 of the Elven Halls
 44339 | Elf:1    | Noticed Agnes
 44351 | Elf:1    | Killed Agnes
 44367 | Elf:1    | Reached XP level 19. HP: 186/186 MP: 22/22
 44440 | Elf:1    | Found a flickering gateway to a bazaar.
 44447 | Bazaar   | Entered a bazaar
 44452 | Bazaar   | Found Yminiuca's Book Boutique.
 44453 | Bazaar   | Found Zesuddunk's Antique Armour Shop.
 44472 | Bazaar   | Found Kyesapid's Antique Weapon Shoppe.
 44472 | Bazaar   | Found Mischyl's Assorted Antiques.
 44486 | Bazaar   | Bought a scroll of enchant weapon for 105 gold pieces
 44491 | Bazaar   | Found Feigo's Antique Weapon Shop.
 44510 | Bazaar   | Found Tobakkeu's Antique Weapon Boutique.
 44540 | Bazaar   | Bought a glowing hat for 161 gold pieces
 44550 | Bazaar   | Bought Great Wizards, Vol. VII for 540 gold pieces
 44671 | Elf:1    | Found Lalu's Firing Range.
 44863 | Elf:1    | Identified the +1 tower shield of Okawaru's Whim {rN+ rCorr
                  | Str-2} (Okawaru gifted it to you on level 1 of the Elven
                  | Halls)
 44863 | Elf:1    | Received a gift from Okawaru
 45025 | Elf:1    | Reached skill level 20 in Armour
 45573 | Elf:1    | Acquired the +0 barding of New Discoveries {rC- Will++
                  | Int+4 Stlth+}
 45575 | Elf:1    | Acquired the +10 tower shield of Ignorance {rN+ Int-4}
 45575 | Elf:1    | Found the +10 tower shield of Ignorance {rN+ Int-4}
 45610 | Elf:2    | Found a magical portal.
 45619 | WizLab   | Entered Alistair's Party Mansion
 45935 | WizLab   | Noticed a golden dragon
 46126 | WizLab   | Acquired 1053 gold pieces
 46155 | WizLab   | Got Wurros's Precepts of the Cure and Teratogeny
 46826 | Elf:2    | Identified the +4 great mace of Autumn {venom, rPois rC+
                  | Str+5 Stlth-} (Okawaru gifted it to you on level 2 of the
                  | Elven Halls)
 46826 | Elf:2    | Received a gift from Okawaru
 47095 | Elf:2    | Identified Roxanne's Discursus on Changes
 47095 | Elf:2    | Noticed Roxanne
 47129 | Elf:2    | Killed Roxanne
 47429 | Elf:2    | Reached skill level 21 in Armour
 47812 | Elf:2    | Found a huge runed translucent gate.
 47814 | Elf:2    | Found a huge runed translucent gate.
 47814 | Elf:2    | Found a huge runed translucent gate.
 47816 | Elf:2    | Found a huge runed translucent gate.
 47816 | Elf:2    | Found a huge runed translucent gate.
 47878 | Elf:3    | Entered Level 3 of the Elven Halls
 47878 | Elf:3    | Found Korchius's Magic Scroll Boutique.
 47886 | Elf:3    | Bought a scroll of teleportation for 36 gold pieces
 47886 | Elf:3    | Bought a scroll of fog for 48 gold pieces
 47886 | Elf:3    | Bought a scroll of fear for 48 gold pieces
 47886 | Elf:3    | Bought a scroll of teleportation for 36 gold pieces
 47886 | Elf:3    | Bought a scroll of fog for 48 gold pieces
 47886 | Elf:3    | Bought a scroll of teleportation for 36 gold pieces
 47938 | Elf:3    | Found Poler's Magic Scroll Shop.
 47939 | Elf:3    | Found Duliecob's Antique Weapon Shop.
 47939 | Elf:3    | Found Zokhuted's Antique Weapon Shop.
 47939 | Elf:3    | Found Wussonk's Book Shop.
 47958 | Elf:3    | Found Vatrul's General Store.
 48011 | Elf:3    | Bought a potion of might for 60 gold pieces
 48017 | Elf:3    | Bought a scroll of teleportation for 60 gold pieces
 48017 | Elf:3    | Bought a scroll of enchant weapon for 150 gold pieces
 48017 | Elf:3    | Bought a scroll of fear for 80 gold pieces
 48075 | Elf:3    | Found Litryakus's Antique Armour Shop.
 48096 | Elf:3    | Paralysed by an air elemental for 1 turns
 48203 | Elf:3    | Found Qest's Weapon Shoppe.
 48216 | Elf:3    | Found Xausiloll's Assorted Antiques.
 48295 | Elf:3    | Received a gift from Okawaru
 48355 | Elf:3    | Received a gift from Okawaru
 48463 | Elf:3    | Reached skill level 15 in Axes
 48464 | Elf:3    | Reached skill level 15 in Shields
 48479 | Elf:3    | Reached XP level 20. HP: 196/196 MP: 23/23
 48859 | Elf:3    | Identified the staff of poison "Wottyucs" {rPois Int+3}
 48859 | Elf:3    | Identified the amulet "Mifes" {RegenMP rF+ Str+2}
 49058 | Elf:3    | Identified the ring of Activism {rElec rPois Will+ rCorr
                  | Dex+3}
 49369 | Elf:3    | Identified the staff of cold "Kish" {rC+ rCorr}
 49489 | Elf:3    | Identified the +4 whip of the Six Seers {drain, rC+ Stlth+}
 49743 | Elf:3    | Found the +9 scales of the Dragon King {rPois rF+ rC+
                  | Will+}
 49744 | Elf:3    | Got Roaz's Textbook on Algid Attendants
 49745 | Elf:3    | Identified the +0 chain mail of the Bard {rPois rC+ rN+
                  | Str-4}
 49856 | Elf:3    | Identified the staff of air "Gats" {Drain rElec rF+ rN+
                  | Will++}
 49867 | Elf:3    | Got Nim Sooz's Directory of Misfortune
 50109 | Elf:3    | Lost mutation: You sometimes lose your temper in combat.
                  | [potion of mutation]
 50109 | Elf:3    | Lost mutation: Your muscles are strong. (Str +4, Int/Dex
                  | -1) [potion of mutation]
 50109 | Elf:3    | Lost mutation: Your magical capacity is low. (-10% MP)
                  | [potion of mutation]
 50109 | Elf:3    | Lost mutation: Your tail ends in a venomous barb. [potion
                  | of mutation]
 50109 | Elf:3    | Gained mutation: You have a pair of small antennae on your
                  | head. [potion of mutation]
 50109 | Elf:3    | Gained mutation: You have hidden genetic potential. [potion
                  | of mutation]
 50109 | Elf:3    | Gained mutation: Your mind is acute. (Int +4, Str/Dex -1)
                  | [potion of mutation]
 50431 | Vaults:1 | Entered Level 1 of the Vaults
 50455 | Vaults:1 | Received a gift from Okawaru
 50642 | Vaults:1 | Found Firgherch's General Store.
 50682 | Vaults:1 | Bought a wand of iceblast (4) for 144 gold pieces
 50825 | Vaults:1 | Received a gift from Okawaru
 51110 | Vaults:1 | Received a gift from Okawaru
 51692 | Vaults:2 | Received a gift from Okawaru
 51704 | Vaults:2 | Found a flickering gateway to a bazaar.
 51723 | Bazaar   | Entered a bazaar
 51731 | Bazaar   | Found Voiwn's Book Shop.
 51731 | Bazaar   | Found Loacosoz's Jewellery Boutique.
 52020 | Vaults:2 | Identified the +10 plate armour "Emee" {rPois rC++ Regen+
                  | rCorr} (Okawaru gifted it to you on level 2 of the Vaults)
 52020 | Vaults:2 | Received a gift from Okawaru
 52224 | Vaults:2 | Found a staircase to the Crypt.
 53322 | Vaults:3 | Found Edihuanua's Jewellery Shop.
 53579 | Vaults:3 | Reached XP level 21. HP: 184/206 MP: 27/27
 53747 | Vaults:3 | Identified the +4 kite shield of Ubufedd {Dex+3} (Okawaru
                  | gifted it to you on level 3 of the Vaults)
 53747 | Vaults:3 | Received a gift from Okawaru
 54190 | Abyss:4  | Cast into level 4 of the Abyss (vault warden)
 54305 | Abyss:4  | Gained mutation: Your mind is very acute. (Int +8, Str/Dex
                  | -2) [hidden potential]
 54370 | Abyss:4  | Found a corrupted altar of Lugonu.
 54381 | Abyss:4  | Found a corrupted altar of Lugonu.
 54542 | Vaults:3 | Escaped the Abyss
 54840 | Vaults:4 | Received a gift from Okawaru
 55126 | Vaults:4 | Received a gift from Okawaru
 55276 | Vaults:4 | Identified the +7 trident "Moepe" {elec, rElec Str+2 Int+3}
                  | (Okawaru gifted it to you on level 4 of the Vaults)
 55276 | Vaults:4 | Received a gift from Okawaru
 55498 | Vaults:4 | Identified the +2 arbalest "Grim" {speed, Int+6}
 55518 | Vaults:4 | Identified the +5 chain mail of the Cricket {rElec rC+
                  | Int+3 Dex-3}
 55520 | Vaults:4 | Identified the +4 ring mail "Bassigg" {Will+ rCorr Str-4
                  | Dex+3}
 57021 | Depths:1 | Entered Level 1 of the Depths
 57039 | Depths:1 | Reached XP level 22. HP: 218/218 MP: 28/28
 57043 | Depths:1 | Received a gift from Okawaru
 57128 | Depths:1 | Found a gateway to Hell.
 57256 | Depths:1 | You fall into a shaft and drop 1 floor!
 57465 | Depths:2 | Gained mutation: Your tail ends in a venomous barb. [hidden
                  | potential]
 57465 | Depths:2 | Lost mutation: You have hidden genetic potential. [hidden
                  | potential expressed]
 57522 | Depths:1 | Received a gift from Okawaru
 57879 | Depths:1 | Found a one-way gate to the infinite horrors of the Abyss.
 58150 | Depths:2 | Noticed Asterion
 58159 | Depths:2 | Killed Asterion
 58195 | Depths:2 | Noticed a caustic shrike
 58203 | Depths:2 | Killed a caustic shrike
 58203 | Depths:2 | Received a gift from Okawaru
 58363 | Depths:2 | Noticed Saint Roka
 58375 | Depths:2 | Killed Saint Roka
 58849 | Depths:2 | Found Ollem's Jewellery Shop.
 58849 | Depths:2 | Found Jogyluce's Book Shoppe.
 58850 | Depths:2 | Found Ticer's Book Shoppe.
 59036 | Depths:3 | Identified the +7 scimitar of Okawaru's Supremacy {elec,
                  | rElec rC+} (Okawaru gifted it to you on level 3 of the
                  | Depths)
 59036 | Depths:3 | Received a gift from Okawaru
 59084 | Depths:3 | Found a transporter.
 59160 | Depths:3 | Noticed Louise
 59222 | Depths:3 | Killed Louise
 59377 | Depths:3 | Found a transporter.
 59426 | Depths:3 | Noticed a juggernaut
 59442 | Depths:3 | Received a gift from Okawaru
 59442 | Depths:3 | Found the +10 Black Knight's barding {ponderous, rPois rN+}
 59449 | Depths:3 | Killed a juggernaut
 59450 | Depths:3 | Reached XP level 23. HP: 229/230 MP: 29/29
 59820 | Depths:4 | Entered Level 4 of the Depths
 60134 | Depths:4 | Found a gate to the Realm of Zot.
 60363 | Depths:4 | Identified the staff of earth "Zodoterph" {Contam rPois rC+
                  | Str+2 Dex+3}
 60417 | Depths:4 | Found a one-way gateway to a ziggurat.
 60665 | Depths:4 | Noticed Sojobo
 60706 | Depths:4 | Received a gift from Okawaru
 60754 | Depths:4 | Killed Sojobo
 60765 | Depths:4 | Noticed Boris
 60770 | Depths:4 | Noticed a juggernaut
 60780 | Depths:4 | Killed Boris
 60794 | Depths:4 | Killed a juggernaut
 60803 | Depths:4 | Found a glowing silver altar of Zin.
 61199 | Depths:4 | Lost mutation: Your mind is very acute. (Int +8, Str/Dex
                  | -2) [potion of mutation]
 61199 | Depths:4 | Lost mutation: Your tail ends in a venomous barb. [potion
                  | of mutation]
 61199 | Depths:4 | Lost mutation: Your mind is acute. (Int +4, Str/Dex -1)
                  | [potion of mutation]
 61199 | Depths:4 | Lost mutation: You have a pair of small antennae on your
                  | head. [potion of mutation]
 61199 | Depths:4 | Gained mutation: Your flesh is heat resistant. (rF+)
                  | [potion of mutation]
 61199 | Depths:4 | Gained mutation: Your flesh is very heat resistant. (rF++)
                  | [potion of mutation]
 61199 | Depths:4 | Gained mutation: You have hidden genetic potential. [potion
                  | of mutation]
 61617 | Slime:1  | Entered Level 1 of the Pits of Slime
 61665 | Slime:2  | Reached skill level 10 in Throwing
 61763 | Slime:1  | Received a gift from Okawaru
 61765 | Slime:1  | Reached skill level 22 in Armour
 61811 | Slime:3  | Gained mutation: Your spells are a little easier to cast,
                  | but a little less powerful. [a shining eye]
 61813 | Slime:3  | Gained mutation: Your body sometimes deteriorates upon
                  | taking damage. [a shining eye]
 61820 | Slime:3  | Gained mutation: You sometimes lose your temper in combat.
                  | [a shining eye]
 61827 | Slime:3  | Lost mutation: Your flesh is very heat resistant. (rF++)
                  | [potion of mutation]
 61827 | Slime:3  | Lost mutation: Your flesh is heat resistant. (rF+) [potion
                  | of mutation]
 61827 | Slime:3  | Lost mutation: Your spells are a little easier to cast, but
                  | a little less powerful. [potion of mutation]
 61827 | Slime:3  | Lost mutation: Your body sometimes deteriorates upon taking
                  | damage. [potion of mutation]
 61827 | Slime:3  | Lost mutation: You sometimes lose your temper in combat.
                  | [potion of mutation]
 61827 | Slime:3  | Lost mutation: You have hidden genetic potential. [potion
                  | of mutation]
 61827 | Slime:3  | Gained mutation: Your muscles are strong. (Str +4, Int/Dex
                  | -1) [potion of mutation]
 61827 | Slime:3  | Gained mutation: You occasionally shout uncontrollably at
                  | your foes. [potion of mutation]
 61827 | Slime:3  | Gained mutation: You passively map a small area around you.
                  | [potion of mutation]
 61827 | Slime:3  | Gained mutation: You have hidden genetic defects. [potion
                  | of mutation]
 61827 | Slime:3  | Gained mutation: You have a pair of small horns on your
                  | head. [potion of mutation]
 61827 | Slime:3  | Gained mutation: Your tail ends in a venomous barb. [potion
                  | of mutation]
 61827 | Slime:3  | Gained mutation: Your system is resistant to poisons.
                  | (rPois) [potion of mutation]
 61828 | Slime:3  | Lost mutation: Your muscles are strong. (Str +4, Int/Dex
                  | -1) [potion of mutation]
 61828 | Slime:3  | Lost mutation: Your system is resistant to poisons. (rPois)
                  | [potion of mutation]
 61828 | Slime:3  | Lost mutation: You have a pair of small horns on your head.
                  | [potion of mutation]
 61828 | Slime:3  | Lost mutation: You passively map a small area around you.
                  | [potion of mutation]
 61828 | Slime:3  | Gained mutation: You have a pair of small horns on your
                  | head. [potion of mutation]
 61828 | Slime:3  | Gained mutation: You are covered in fur. (AC +1) [potion of
                  | mutation]
 61829 | Slime:3  | Lost mutation: You have hidden genetic defects. [potion of
                  | mutation]
 61829 | Slime:3  | Lost mutation: You occasionally shout uncontrollably at
                  | your foes. [potion of mutation]
 61829 | Slime:3  | Lost mutation: You are covered in fur. (AC +1) [potion of
                  | mutation]
 61829 | Slime:3  | Lost mutation: Your tail ends in a venomous barb. [potion
                  | of mutation]
 61829 | Slime:3  | Lost mutation: You have a pair of small horns on your head.
                  | [potion of mutation]
 61829 | Slime:3  | Gained mutation: Your flesh is cold resistant. (rC+)
                  | [potion of mutation]
 61829 | Slime:3  | Gained mutation: You sometimes lose your temper in combat.
                  | [potion of mutation]
 61829 | Slime:3  | Gained mutation: You passively map a small area around you.
                  | [potion of mutation]
 61829 | Slime:3  | Gained mutation: You are vulnerable to heat. (rF-) [potion
                  | of mutation]
 61829 | Slime:3  | Gained mutation: You have an uncontrollable temper. [potion
                  | of mutation]
 61830 | Slime:3  | Lost mutation: You passively map a small area around you.
                  | [potion of mutation]
 61830 | Slime:3  | Lost mutation: You have an uncontrollable temper. [potion
                  | of mutation]
 61830 | Slime:3  | Lost mutation: Your flesh is cold resistant. (rC+) [potion
                  | of mutation]
 61830 | Slime:3  | Lost mutation: You are vulnerable to heat. (rF-) [potion of
                  | mutation]
 61830 | Slime:3  | Gained mutation: You occasionally lose the ability to read
                  | scrolls when taking damage. [potion of mutation]
 61830 | Slime:3  | Gained mutation: You have sharp toenails. [potion of
                  | mutation]
 61830 | Slime:3  | Gained mutation: Your muscles are strong. (Str +4, Int/Dex
                  | -1) [potion of mutation]
 61830 | Slime:3  | Gained mutation: Your mind is acute. (Int +4, Str/Dex -1)
                  | [potion of mutation]
 61830 | Slime:3  | Gained mutation: Your mind is very acute. (Int +8, Str/Dex
                  | -2) [potion of mutation]
 61831 | Slime:3  | Lost mutation: Your muscles are strong. (Str +4, Int/Dex
                  | -1) [potion of mutation]
 61831 | Slime:3  | Lost mutation: Your mind is very acute. (Int +8, Str/Dex
                  | -2) [potion of mutation]
 61831 | Slime:3  | Lost mutation: Your mind is acute. (Int +4, Str/Dex -1)
                  | [potion of mutation]
 61831 | Slime:3  | Lost mutation: You occasionally lose the ability to read
                  | scrolls when taking damage. [potion of mutation]
 61831 | Slime:3  | Gained mutation: Your tail ends in a venomous barb. [potion
                  | of mutation]
 61831 | Slime:3  | Gained mutation: You have hidden genetic defects. [potion
                  | of mutation]
 61831 | Slime:3  | Gained mutation: You are covered in fur. (AC +1) [potion of
                  | mutation]
 61831 | Slime:3  | Gained mutation: You are agile. (Dex +4, Str/Int -1)
                  | [potion of mutation]
 61832 | Slime:3  | Lost mutation: You sometimes lose your temper in combat.
                  | [potion of mutation]
 61832 | Slime:3  | Lost mutation: You have sharp toenails. [potion of
                  | mutation]
 61832 | Slime:3  | Lost mutation: You are covered in fur. (AC +1) [potion of
                  | mutation]
 61832 | Slime:3  | Lost mutation: You have hidden genetic defects. [potion of
                  | mutation]
 61832 | Slime:3  | Lost mutation: You are agile. (Dex +4, Str/Int -1) [potion
                  | of mutation]
 61832 | Slime:3  | Lost mutation: Your tail ends in a venomous barb. [potion
                  | of mutation]
 61832 | Slime:3  | Gained mutation: Your spells are a little easier to cast,
                  | but a little less powerful. [potion of mutation]
 61832 | Slime:3  | Gained mutation: Your spells are easier to cast, but less
                  | powerful. [potion of mutation]
 61832 | Slime:3  | Lost mutation: Your spells are easier to cast, but less
                  | powerful. [potion of mutation]
 61841 | Slime:4  | Gained mutation: You are clumsy. (Dex -2) [a shining eye]
 61861 | Slime:4  | Identified the +1 tower shield of Baldness {Fly rPois Str-4
                  | Int+6} (Okawaru gifted it to you on level 4 of the Pits of
                  | Slime)
 61861 | Slime:4  | Received a gift from Okawaru
 61880 | Slime:5  | Entered Level 5 of the Pits of Slime
 61954 | Slime:5  | Found a viscous altar of Jiyva.
 61955 | Slime:5  | Noticed the Royal Jelly
 61988 | Slime:4  | Gained mutation: You are dopey. (Int -2) [a shining eye]
 61994 | Slime:4  | Gained mutation: You are frail. (-10% HP) [a shining eye]
 62427 | Slime:5  | Killed the Royal Jelly
 62481 | Slime:5  | Identified the +5 demon blade of World Downfall {freeze,
                  | Drain rF+ rC+ rCorr}
 62484 | Slime:5  | Got a slimy rune of Zot
 62502 | Slime:5  | Identified the ring of Miuk Ajaniur {rElec rPois Int+6
                  | Stlth+}
 62533 | Slime:5  | Identified the amulet of Ligyewonn {Reflect rN+ Dex+4 SH+5}
 62563 | Slime:5  | Identified the +5 hand axe of Xizey {flame, +Blink rC-
                  | Will- Str+2 Int+2}
 62971 | Crypt:1  | Entered Level 1 of the Crypt
 63031 | Crypt:1  | Reached XP level 24. HP: 212/219 MP: 29/29
 63334 | Crypt:1  | Noticed Boris
 63350 | Crypt:1  | Killed Boris
 63520 | Crypt:1  | Received a gift from Okawaru
 63974 | Crypt:2  | Noticed Grunn
 63974 | Crypt:2  | Noticed Bai Suzhen
 63983 | Crypt:2  | Noticed Vv
 64027 | Crypt:2  | Killed Vv
 64069 | Crypt:2  | Killed Grunn
 64081 | Crypt:2  | Received a gift from Okawaru
 64256 | Crypt:2  | Killed Bai Suzhen
 64489 | Crypt:2  | Noticed Jory
 64522 | Crypt:1  | Killed Jory
 65622 | Crypt:3  | Entered Level 3 of the Crypt
 66205 | Crypt:3  | Received a gift from Okawaru
 66226 | Crypt:3  | Found a staircase to the Tomb.
 66547 | Crypt:3  | Found the +5 scythe "Finisher" {speed, execute}
 67050 | Crypt:3  | Identified the +3 tower shield of the Original Sin {Rampage
                  | *Corrode Regen+} (Okawaru gifted it to you on level 3 of
                  | the Crypt)
 67050 | Crypt:3  | Received a gift from Okawaru
 67059 | Crypt:3  | Noticed an ancient lich
 67059 | Crypt:3  | Noticed a dread lich
 67063 | Crypt:3  | Noticed an ancient lich
 67063 | Crypt:3  | Noticed an ancient lich
 67299 | Crypt:3  | Killed a dread lich
 67315 | Crypt:3  | Killed an ancient lich
 67329 | Crypt:3  | Killed an ancient lich
 67348 | Crypt:3  | Killed an ancient lich
 67365 | Crypt:3  | Identified the amulet "Nouhadgh" {Regen+ Int+3 Stlth+}
 67367 | Crypt:3  | Got the Volume of Beguiling Hail
 67368 | Crypt:3  | Identified the ring of Liorch {Str+6 Dex+2}
 67370 | Crypt:3  | Identified the staff of cold "Pinoud" {Fly rPois rC+ Int+2}
 67722 | Hell     | Entered the Vestibule of Hell
 67722 | Hell     | Noticed Geryon
 67751 | Arena    | Entered the Arena
 67772 | Arena    | Killed Geryon
 68963 | Hell     | Reached skill level 5 in Dodging
 68983 | Hell     | Found a gateway to the freezing wastes of Cocytus.
 69072 | Hell     | Found a gateway to the Iron City of Dis.
 69139 | Hell     | Reached XP level 25. HP: 203/230 MP: 29/29
 69153 | Hell     | Found a gateway to the ashen valley of Gehenna.
 69245 | Hell     | Found a gateway to the decaying netherworld of Tartarus.
 69518 | Vaults:4 | You fall into a shaft and drop 1 floor!
 69518 | Vaults:5 | Entered Level 5 of the Vaults
 69532 | Vaults:5 | Received a gift from Okawaru
 69712 | Vaults:5 | Noticed a dread lich
 69716 | Vaults:5 | Noticed a dread lich
 69739 | Vaults:5 | Killed a dread lich
 69739 | Vaults:5 | Received a gift from Okawaru
 69761 | Vaults:5 | Killed a dread lich
 69783 | Vaults:5 | Identified the +2 ring mail of Insatiable Hunger {rPois rF+
                  | Str+3} (Okawaru gifted it to you on level 5 of the Vaults)
 69783 | Vaults:5 | Received a gift from Okawaru
 69819 | Vaults:5 | Reached skill level 23 in Armour
 69903 | Vaults:5 | Noticed a dread lich
 69918 | Vaults:5 | Killed a dread lich
 69931 | Vaults:5 | Got a silver rune of Zot
 69935 | Vaults:5 | Identified the +3 scale mail of the Seven of Swords {Dex+4}
 69952 | Vaults:5 | Identified the staff of fire "Wiypy" {rElec rF+}
 70098 | Vaults:5 | Noticed a dread lich
 70117 | Vaults:5 | Killed a dread lich
 70246 | Vaults:5 | Identified the +8 rapier of Voehef {heavy, SInv}
 70352 | Vaults:5 | Noticed an ancient lich
 70370 | Vaults:5 | Killed an ancient lich
 70465 | Vaults:5 | Received a gift from Okawaru
 70841 | Vaults:5 | Got the Parchment of the Lethal Icicle
 71552 | Zot:1    | Entered Level 1 of the Realm of Zot
 71836 | Zot:1    | Reached XP level 26. HP: 237/240 MP: 29/29
 72648 | Zot:2    | Received a gift from Okawaru
 73334 | Zot:2    | Noticed an orb of fire
 73352 | Zot:2    | Gained mutation: You are very clumsy. (Dex -4) [an orb of
                  | fire]
 73358 | Zot:2    | Gained mutation: You are very frail. (-20% HP) [an orb of
                  | fire]
 73361 | Zot:2    | Gained mutation: You sometimes lose your temper in combat.
                  | [an orb of fire]
 73363 | Zot:2    | Gained mutation: You are vulnerable to cold. (rC-) [an orb
                  | of fire]
 73365 | Zot:2    | Killed an orb of fire
 73410 | Zot:2    | Lost mutation: You are dopey. (Int -2) [potion of mutation]
 73410 | Zot:2    | Lost mutation: Your spells are a little easier to cast, but
                  | a little less powerful. [potion of mutation]
 73410 | Zot:2    | Lost mutation: You are very frail. (-20% HP) [potion of
                  | mutation]
 73410 | Zot:2    | Lost mutation: You are very clumsy. (Dex -4) [potion of
                  | mutation]
 73410 | Zot:2    | Lost mutation: You are clumsy. (Dex -2) [potion of
                  | mutation]
 73410 | Zot:2    | Lost mutation: You sometimes lose your temper in combat.
                  | [potion of mutation]
 73410 | Zot:2    | Gained mutation: You are resistant to electric shocks.
                  | (rElec) [potion of mutation]
 73410 | Zot:2    | Gained mutation: You are agile. (Dex +4, Str/Int -1)
                  | [potion of mutation]
 73410 | Zot:2    | Gained mutation: You are covered in fur. (AC +1) [potion of
                  | mutation]
 73410 | Zot:2    | Gained mutation: You are partially covered in iridescent
                  | scales. (AC +2) [potion of mutation]
 73410 | Zot:2    | Gained mutation: Your flesh is heat resistant. (rF+)
                  | [potion of mutation]
 73410 | Zot:2    | Gained mutation: You possess an exceptional clarity of
                  | mind. [potion of mutation]
 73488 | Zot:2    | Reached skill level 24 in Armour
 74181 | Zot:5    | Entered Level 5 of the Realm of Zot
 74273 | Zot:4    | Identified the +2 war axe "Piutaz" {spect, +Blink rF- SInv}
                  | (Okawaru gifted it to you on level 4 of the Realm of Zot)
 74273 | Zot:4    | Received a gift from Okawaru
 74543 | Zot:5    | Noticed an orb of fire
 74544 | Zot:5    | Gained mutation: You do not regenerate when monsters are
                  | visible. [an orb of fire]
 74545 | Zot:5    | Gained mutation: Your body sometimes deteriorates upon
                  | taking damage. [an orb of fire]
 74547 | Zot:5    | Gained mutation: Your spells are a little easier to cast,
                  | but a little less powerful. [an orb of fire]
 74550 | Zot:5    | Gained mutation: You occasionally lose the ability to drink
                  | potions when taking damage. [an orb of fire]
 74552 | Zot:5    | Gained mutation: You occasionally shout uncontrollably at
                  | your foes. [an orb of fire]
 74572 | Zot:5    | Killed an orb of fire
 74573 | Zot:5    | Lost mutation: You possess an exceptional clarity of mind.
                  | [potion of mutation]
 74573 | Zot:5    | Lost mutation: You do not regenerate when monsters are
                  | visible. [potion of mutation]
 74573 | Zot:5    | Lost mutation: You are frail. (-10% HP) [potion of
                  | mutation]
 74573 | Zot:5    | Lost mutation: Your spells are a little easier to cast, but
                  | a little less powerful. [potion of mutation]
 74573 | Zot:5    | Gained mutation: You have a pair of small horns on your
                  | head. [potion of mutation]
 74573 | Zot:5    | Lost mutation: You occasionally lose the ability to drink
                  | potions when taking damage. [potion of mutation]
 74573 | Zot:5    | Gained mutation: Your mind is acute. (Int +4, Str/Dex -1)
                  | [potion of mutation]
 74573 | Zot:5    | Gained mutation: You possess an exceptional clarity of
                  | mind. [potion of mutation]
 74574 | Zot:5    | Lost mutation: You are partially covered in iridescent
                  | scales. (AC +2) [potion of mutation]
 74574 | Zot:5    | Lost mutation: Your body sometimes deteriorates upon taking
                  | damage. [potion of mutation]
 74574 | Zot:5    | Lost mutation: You are resistant to electric shocks.
                  | (rElec) [potion of mutation]
 74574 | Zot:5    | Lost mutation: You are covered in fur. (AC +1) [potion of
                  | mutation]
 74574 | Zot:5    | Gained mutation: Your magical capacity is low. (-10% MP)
                  | [potion of mutation]
 74574 | Zot:5    | Gained mutation: Your flesh is very heat resistant. (rF++)
                  | [potion of mutation]
 74574 | Zot:5    | Lost mutation: You occasionally shout uncontrollably at
                  | your foes. [potion of mutation]
 74574 | Zot:5    | Gained mutation: You have hidden genetic potential. [potion
                  | of mutation]
 74574 | Zot:5    | Gained mutation: You passively map a small area around you.
                  | [potion of mutation]
 74842 | Zot:5    | Noticed a dread lich
 74850 | Zot:5    | Killed a dread lich
 74850 | Zot:5    | Identified the +8 broad axe of the Land of Plenty {speed,
                  | rElec Will+ Dex+2} (Okawaru gifted it to you on level 5 of
                  | the Realm of Zot)
 74850 | Zot:5    | Received a gift from Okawaru
 74862 | Zot:5    | Noticed an ancient lich
 74882 | Zot:5    | Killed an ancient lich
 74887 | Zot:5    | Gained mutation: Your spells are a little easier to cast,
                  | but a little less powerful. [mutagenic glow]
 74897 | Zot:5    | Gained mutation: Your magical capacity is very low. (-20%
                  | MP) [mutagenic glow]
 74907 | Zot:5    | Gained mutation: You occasionally lose the ability to drink
                  | potions when taking damage. [mutagenic glow]
 75072 | Zot:5    | Noticed an ancient lich
 75072 | Zot:5    | Noticed an ancient lich
 75072 | Zot:5    | Noticed an ancient lich
 75072 | Zot:5    | Noticed a dread lich
 75072 | Zot:5    | Noticed an orb of fire
 75087 | Zot:5    | Received a gift from Okawaru
 75090 | Zot:5    | Reached XP level 27. HP: 268/276 MP: 1/23
 75091 | Zot:5    | Got the Orb of Zot
 75412 | D:11     | Noticed Goilec the pandemonium lord
 75623 | D:$      | Escaped with the Orb!

Illustrated notes

Levels and vault maps discovered:
D:1:      dpeg_arrival_simpleton_a, layout_basic
D:2:      layout_loops_ring
D:3:      layout_rooms, kennysheep_generic_room_5
D:4:      layout_basic, general_overflow_altar
D:5:      layout_basic, nicolae_wooded_promenade
D:6:      layout_basic, mainiacjoe_overflow_surrounded_room,
          nicolae_ru_the_path_less_chosen, nicolae_overflow_hidden_temple
D:7:      layout_basic, minmay_temple_entry_arrows, nicolae_grassy_gnolls
D:8:      minmay_bloctagon, layout_cave_pools, tgw_trog, serial_shops, shop
D:9:      layout_gridville, xom_teletrap_fun, enter_bailey_4,
          minmay_misc_feat_room
D:10:     layout_basic, mainiacjoe_overflow_alcove_1,
          mainiacjoe_overflow_alcove_2, serial_undead, serial_undead_c,
          serial_undead_f, serial_undead_e, serial_undead_b
D:11:     layout_basic, erik_lair_island
D:12:     layout_basic, erik_orc_2
D:13:     kennysheep_seaside_town, layout_irregular_city, uniq_frances,
          uniq_azrael, uniq_sonja
D:14:     layout_long_grid, david_vaults_2, gauntlet_entry_generic,
          serial_shops, nicolae_shop_competitors_out_of_business,
          lightli_minifort
D:15:     gammafunk_enter_depths_forms, layout_basic, minmay_misc_feat_chi,
          uniq_josephine
Temple:   zaba_magenta_temple
Lair:1:   layout_regular_city, amcnicky_mini_pool_medium,
          infiniplex_staircase_pool, grunt_megastairs_1, serial_bayou_shore_b
Lair:2:   layout_roguey, swamp_mist, uniq_harold, uniq_maggie
Lair:3:   wander_river, layout_regular_city, guppyfry_snake_entry_garden,
          portal_ice_cave_entry_pillars_2
Lair:4:   layout_roguey, slime_entry_2, lemuel_fruit_fields
Lair:5:   evilmike_catoblepas_cave, layout_long_grid,
          nicolae_volcano_entry_batcave, grunt_forest_stairs_basic, uniq_kirke
Swamp:1:  layout_basic_swamp, nicolae_swamp_fairy_circle
Swamp:2:  layout_basic_swamp, evilmike_swamp_ruin_house_1, swamp_pool3,
          nicolae_swamp_hydra_murder_den
Swamp:3:  layout_basic_swamp, nicolae_swamp_small_spring, swamp_pool5,
          nicolae_swamp_orc_logging_accident
Swamp:4:  swamp, layout_basic_swamp
Snake:1:  layout_layer_cave, minmay_shop_star, serial_bayou_shore_b
Snake:2:  gammafunk_sealed_library, layout_rooms, uniq_aizul
Snake:3:  layout_misc_corridors, serial_bayou_shore_a, uniq_vashnia
Snake:4:  grunt_snake_rune_pools, layout_layer_cave, st_stairs_6
Slime:1:  layout_caves, cheibrodos_slime_lost_civilization_4
Slime:2:  layout_caves
Slime:3:  layout_caves, nicolae_slime_ancient_tower_intersection,
          uniq_dissolution
Slime:4:  layout_caves
Slime:5
Orc:1:    layout_caves, basic_altar, uniq_erolcha
Orc:2:    pf_orc_diabolical, layout_caves
Elf:1:    elf_arrival_001, layout_loops_cross, serial_shops, bzr_entry_water,
          hangedman_elven_crosses_minicolossus, nicolae_shop_firing_range,
          uniq_agnes
Elf:2:    elven_hall_of_blades_hangedman_alternative
          [nicolae_blade_entry_diamond_columns], layout_loops_corners,
          mu_enter_wizlab_7, grunt_ministairs_9, palyth_stone_intersect,
          uniq_roxanne
Elf:3:    minmay_elf_hall_hex, layout_geoelf_diagonals, serial_shops, shop,
          shop, shop, shop, shop_statue, minmay_shop_grid_forest
Vaults:1: grunt_vaults_hallway_long, nicolae_vaults_meiosis,
          nicolae_vaults_security_offices_3, nicolae_vaults_sesquioval_fish,
          hangedman_vaults_corner, ontoclasm_vaults_bender,
          nicolae_vaults_tetromino_L_2, nicolae_vaults_sightless_eye,
          ontoclasm_vaults_gateway, nicolae_vaults_tangram_1,
          nicolae_vaults_six-pack, layout_vaults_omnicross, serial_shops, shop
Vaults:2: nicolae_vaults_rhombus_7, nicolae_vaults_storage_closets_3,
          nicolae_vaults_shrinking_rooms_1, nicolae_vaults_closet_pinwheel_4,
          nicolae_vaults_wrenched, nicolae_vaults_closet_pinwheel_4,
          layout_vaults_quadrants, dummy_crypt_entry, serial_shops, freezing_bzr
Vaults:3: nicolae_vaults_ring_of_whatevers, v_misc_9,
          nicolae_vaults_branching_niches, ontoclasm_vaults_pinch,
          ontoclasm_vaults_spin, vaults_room_pools,
          nicolae_vaults_storage_room_glass, nicolae_vaults_closet_pinwheel_1,
          v_misc_8, nicolae_vaults_apartment_1,
          nicolae_vaults_mini_display_case, layout_vaults_omnibox, serial_shops,
          nicolae_shop_just_a_little_nook
Vaults:4: nicolae_vaults_specimen_jars, nicolae_vaults_what_the_h,
          vaults_room_fours, nicolae_vaults_weapon_check, v_misc_13,
          vaults_room_stairs_pillars, v_misc_30, nicolae_vaults_swerve,
          nicolae_vaults_disjoint_gnomons, v_misc_22, v_alt_pattern_6,
          layout_vaults_maze
Vaults:5: serial_shops
Crypt:1:  layout_gridlike
Crypt:2:  layout_misc_corridors, minmay_large_rounded_square, st_burial_chamber,
          uniq_jory, uniq_grunn, uniq_vv, uniq_bai_suzhen
Crypt:3:  david_glass_crypt, layout_basic, tomb_entry_simple_bobbens
Depths:1: layout_cave_pools, abyss_entry_small_statue_room, grunt_metal_band,
          lemuel_flamethrower_3, grunt_megastairs_5, serial_bayou_shore_b
Depths:2: minmay_the_grid_plus [minmay_the_grid_all_tris, minmay_the_grid_tree,
          minmay_the_grid_outer_circle, minmay_the_grid_aliased_spiral,
          minmay_the_grid_prize_inner_circle], layout_gridville,
          marbit_kobold_abyss_entry, pan_entry, pf_vacation_house_of_asmodeus,
          minmay_shop_grove, minmay_staircase_bubble, uniq_asterion,
          uniq_saint_roka
Depths:3: gammafunk_its_a_trap, layout_basic, pan_entry,
          pf_hell_entry_tar_river, moated_statue,
          nicolae_abyss_entry_one_way_or_another, minmay_misc_feat_enclosed
Depths:4: evilmike_zot_entry_diamond, layout_honeycomb, enter_ziggurat_f,
          hell_entry, abyss_entry, zin_statuary, uniq_josephina, uniq_sojobo,
          uniq_boris
Hell
Zot:1:    layout_cathedral_of_symmetry
Zot:2:    layout_misc_corridors, nzn_random_ring, grunt_megastairs_4
Zot:3:    layout_gridlike
Zot:4:    layout_concentric_octagons, grunt_megastairs_3
Zot:5:    layout_cathedral_of_symmetry, lemuel_flame_loot_1

Skill      XL: |  1  2  3  4  5  6  7  8  9 10 11 12 13 14 15 16 17 18 19 20 21 22 23 24 25 26 |
---------------+-------------------------------------------------------------------------------+-----
Fighting       | 2 3 4 9 10 11 12 14 15 16 17 18 19 20 22 23 | 23.3
Axes           | 2 3 5 6 7 8 10 11 13 15 16 18 19 20 21 | 21.9
Maces & Flails | 1 2 |  2.4
Armour         | 2 3 4 5 6 8 10 13 14 16 18 19 21 22 23 24 | 24.5
Stealth        | 1 3 4 5 |  5.0
Translocations | 4 5 7 8 |  8.0
Evocations     | 1 4 7 8 9 10 | 10.0
Air Magic      | 1 2 3 4 |  4.0
Throwing       | 5 6 8 9 10 12 13 | 13.7
Invocations    | 8 |  8.4
Long Blades    | 1 |  1.2
Shields        | 1 6 7 9 12 14 15 16 18 20 21 23 | 23.2
Dodging        | 5 |  5.0
Spellcasting   | |  1.7

Action                     |  1- 3 |  4- 6 |  7- 9 | 10-12 | 13-15 | 16-18 | 19-21 | 22-24 | 25-27 || total
---------------------------+-------+-------+-------+-------+-------+-------+-------+-------+-------++-------
  Melee: Hand axe          |    73 |       |   297 |    13 |   203 |       |       |       |       ||   586
         Tailslap          |    10 |    23 |    35 |    93 |   330 |   273 |   407 |   580 |   361 ||  2112
         Punch             |     2 |       |     2 |       |       |       |       |       |       ||     4
         Mace              |    44 |    54 |       |       |       |       |       |       |       ||    98
         War axe           |       |   120 |    22 |       |       |       |       |       |       ||   142
         Scimitar          |       |       |       |    81 |       |       |       |       |       ||    81
         Whip              |       |       |       |   370 |       |       |       |       |       ||   370
         Broad axe         |       |       |       |    11 |  1602 |  1630 |  1756 |  2215 |  1332 ||  8546
         Headbutt          |       |       |       |       |       |       |       |       |    41 ||    41
  Throw: Boomerang         |       |     5 |     8 |    71 |   126 |   287 |    56 |   110 |    51 ||   714
         Stone             |       |     1 |       |       |       |       |       |       |       ||     1
         Dart              |       |     2 |       |       |       |       |       |       |       ||     2
         Javelin           |       |       |       |    19 |    22 |    79 |    70 |    65 |    53 ||   308
         Throwing net      |       |       |       |       |       |       |       |     1 |       ||     1
   Cast: Lesser Beckoning  |       |       |     1 |       |       |       |       |       |       ||     1
         Blink             |       |       |     7 |       |     5 |     1 |       |       |       ||    13
         Vhi's Electric Ch |       |       |       |     2 |     4 |       |       |       |       ||     6
 Invoke: Heroism           |       |       |     3 |     5 |    16 |    11 |    14 |    16 |     3 ||    68
         Finesse           |       |       |       |       |       |       |     1 |     3 |       ||     4
         Duel              |       |       |       |       |       |       |       |     1 |       ||     1
Ability: Evoke Blink       |       |       |       |       |       |       |     1 |     1 |       ||     2
  Evoke: Wand              |       |       |       |       |    11 |    86 |    12 |       |     5 ||   114
         Lightning rod     |       |       |       |       |     2 |       |       |       |       ||     2
    Use: Scroll            |       |       |     9 |     7 |    10 |    25 |    22 |     9 |    11 ||    93
         Potion            |       |       |     6 |     2 |     7 |     3 |     7 |    10 |    13 ||    48
   Stab: Distracted        |       |     1 |     1 |       |       |     1 |       |       |       ||     3
         Sleeping          |       |     1 |     2 |     3 |     3 |       |       |       |       ||     9
 Armour: Leather armour    |    60 |   146 |   192 |   221 |       |       |       |       |       ||   619
         Chain mail        |       |       |       |    34 |  1460 |  1526 |   188 |       |       ||  3208
         Ring mail         |       |       |       |       |    56 |       |       |       |       ||    56
         Gold dragon scale |       |       |       |       |       |       |   414 |  1072 |   759 ||  2245
  Dodge: Dodged            |    53 |   105 |   110 |   205 |   938 |   358 |    87 |   111 |   110 ||  2077
  Block: Buckler           |       |       |       |   103 |   455 |       |       |       |       ||   558
         Kite shield       |       |       |       |       |   149 |   565 |       |       |       ||   714
         Tower shield      |       |       |       |       |       |   846 |  1751 |  2345 |  1675 ||  6617
         Reflection        |       |       |       |       |       |   114 |    37 |       |       ||   151
